 Dungeon Crawl Stone Soup version 0.30-a0-165-g1891117ce2 (webtiles) character file.

Game seed: 14756375158434482

998 funkygono the Digger (level 8, -4/42 HPs)
             Began as a Gargoyle Earth Elementalist on Sept 28, 2022.
             Killed from afar by a steam dragon (18 damage)
             ... with a ball of steam
             ... on level 6 of the Dungeon.
             The game lasted 00:08:31 (4671 turns).

funkygono the Digger (Gargoyle Earth Elementalist)  Turns: 4671, Time: 00:08:31

Health: -4/42      AC: 10    Str: 13    XL:     8   Next: 19%
Magic:  17/17      EV: 12    Int: 23    God:
Gold:   36         SH:  0    Dex: 10    Spells: 8/20 levels left

rFire   . . .      SeeInvis .    z - +4 flail (holy)
rCold   . . .      Faith    .    (no shield)
rNeg    + . .      Spirit   .    a - +0 robe
rPois   ∞          Reflect  .    m - +0 helmet
rElec   +          Harm     .    (no cloak)
rCorr   .          Rampage  .    v - +1 pair of gloves
Will    +....                    (no boots)
Stlth   ++........               n - amulet of magic regeneration
HPRegen 0.14/turn                g - ring of willpower
MPRegen 0.55/turn                k - +6 ring of intelligence

@: no status effects
A: sickness immunity, AC +5, negative energy resistance 1, electricity
resistance, torment resistance 1, petrification resistance
a: no special abilities


You were on level 6 of the Dungeon.
You visited 1 branch of the dungeon, and saw 6 of its levels.

You collected 278 gold pieces.
You spent 242 gold pieces at shops.

Inventory:

Hand Weapons
 d - a +0 whip of draining
 z - a +4 flail of holy wrath (weapon)
Armour
 a - a +0 robe (worn)
 m - a +0 helmet (worn)
 v - a +1 pair of gloves (worn)
Jewellery
 g - a ring of willpower (left hand)
 k - a +6 ring of intelligence (right hand)
 n - an amulet of magic regeneration (around neck)
 o - a ring of protection from fire
 A - a ring of protection from fire
Wands
 s - a wand of quicksilver (18)
 w - a wand of paralysis (8)
Scrolls
 c - a scroll of identify
 h - a scroll of poison
 i - a scroll of teleportation
 p - a scroll of blinking
Potions
 b - a potion of magic
 e - 4 potions of curing
 f - 2 potions of lignification
 j - 2 potions of flight
 l - a potion of resistance
 q - a potion of might
 r - a potion of brilliance
 t - 4 potions of heal wounds
 u - a potion of cancellation {unknown}
 x - a potion of attraction {unknown}


   Skills:
 + Level 0.8 Fighting
 + Level 0.4 Maces & Flails
 + Level 2.1 Dodging
 - Level 2.1 Stealth
 + Level 6.5 Spellcasting
 + Level 0.7 Transmutations
 + Level 2.5 Fire Magic
 + Level 7.1 Earth Magic


You had 8 spell levels left.
You knew the following spells:

 Your Spells              Type           Power      Damage    Failure   Level
a - Sandblast             Erth           80%        2d17      1%          1
b - Passwall              Tmut/Erth      20%        N/A       2%          2
c - Stone Arrow           Conj/Erth      46%        3d9       5%          3
d - Scorch                Fire           36%        2d6       4%          2
e - Flame Wave            Conj/Fire      13%        2d6       43%         4

Your spell library contained the following spells:

 Spells                   Type           Power      Damage    Failure   Level
 Petrify                  Tmut/Erth      25%        N/A       16%         4
 Gell's Gravitas          Tloc           7%         N/A       24%         3
 Lesser Beckoning         Tloc           7%         N/A       24%         3
 Teleport Other           Tloc           7%         N/A       24%         3
 Summon Cactus Giant      Summ           3%         N/A       100%        6


Dungeon Overview and Level Annotations

Branches:
Dungeon (6/15)
 Temple: D:4-7

Altars:
Uskayaw
Zin
The Shining One

Shops:
D:5 ??


Innate Abilities, Weirdness & Mutations

You are immune to sickness and miasma.
Your stone body is resilient. (AC +5)
You are immune to poison.
You resist negative energy. (rN+)
You are resistant to electric shocks. (rElec)
You are resistant to unholy torment.
You are immune to petrification.


Message History

You kill the adder!
The steam dragon hisses angrily.
The steam dragon breathes steam at you. The ball of steam misses you.
Casting: Sandblast (safe; 1% risk of failure)
Confirm with . or Enter, or press ? or * to list all spells.
Aiming: Sandblast (safe; 1% risk of failure)
Press: ? - help, Shift-Dir - straight line, f - steam dragon
Aim: a steam dragon (steam, 85% to hit)
The blast of sand hits the steam dragon!
The steam dragon is heavily wounded.
Unknown command.
Casting: Sandblast (safe; 1% risk of failure)
Confirm with . or Enter, or press ? or * to list all spells.
Aiming: Sandblast (safe; 1% risk of failure)
Press: ? - help, Shift-Dir - straight line, f/p - steam dragon
Aim: a steam dragon (heavily wounded, 85% to hit)
The blast of sand hits the steam dragon.
The steam dragon is severely wounded.
The steam dragon breathes steam at you. The ball of steam hits you!
The steam dragon closely misses you.
The steam dragon claws you but does no damage.
Casting: Sandblast (safe; 1% risk of failure)
Confirm with . or Enter, or press ? or * to list all spells.
Aiming: Sandblast (safe; 1% risk of failure)
Press: ? - help, Shift-Dir - straight line, f/p - steam dragon
Aim: a steam dragon (severely wounded, catching its breath, 85% to hit)
The blast of sand hits the steam dragon!
The steam dragon is almost dead.
The steam dragon bites you! The steam dragon completely misses you.
Unknown command.
You hit the steam dragon.
The steam dragon is almost dead.
You are engulfed in a cloud of scalding steam.
The steam dragon bites you.
The steam dragon claws you but does no damage.
The steam dragon breathes steam at you. The ball of steam hits you!!
You die...

#...............#
#########+##....#
#.##....#
####.......##
#...........#
####...........#
........§..§.§.+
......D......§.#
....†..@§[.§§..#
.....#####.#####
..... #.# .... .#
... .# .##


You could see a steam dragon (catching breath).

Vanquished Creatures
  2 water moccasins (D:6)
  2 ogres
  A necrophage (D:5)
  2 howler monkeys (D:5)
  4 hounds
  A jelly (D:6)
  Jessica (D:3)
  Ijyb (D:5)
  2 iguanas
  5 adders
  7 gnolls
  A white imp (D:5)
  An ufetubus (D:5)
  3 worms
  2 dart slugs
  7 orcs
  14 ball pythons
  3 bats
  4 endoplasms
  2 giant cockroaches (D:1)
  5 hobgoblins
  3 jackals (D:2)
  4 quokkas (D:2)
  4 frilled lizards
  8 goblins
  6 kobolds
  5 rats
100 creatures vanquished.

Notes
Turn   | Place    | Note
-------+----------+-------------------------------------------
     0 | D:1      | funkygono the Gargoyle Earth Elementalist began the quest
                  | for the Orb.
     0 | D:1      | Reached XP level 1. HP: 10/10 MP: 3/3
   170 | D:1      | Found a faded altar of an unknown god.
   181 | D:1      | Reached skill level 4 in Earth Magic
   229 | D:1      | Reached XP level 2. HP: 15/15 MP: 1/5
   232 | D:1      | Learned a level 2 spell: Passwall
   580 | D:1      | Reached XP level 3. HP: 19/19 MP: 4/6
   584 | D:1      | Learned a level 3 spell: Stone Arrow
  1207 | D:2      | Reached XP level 4. HP: 24/24 MP: 6/8
  1397 | D:2      | Reached skill level 5 in Earth Magic
  1875 | D:3      | Reached XP level 5. HP: 19/28 MP: 10/10
  1878 | D:3      | Learned a level 2 spell: Scorch
  2269 | D:3      | Found a glowing golden altar of the Shining One.
  2508 | D:3      | Noticed Jessica
  2510 | D:3      | Killed Jessica
  2993 | D:4      | Reached XP level 6. HP: 31/32 MP: 12/12
  3122 | D:4      | Reached skill level 1 in Fire Magic
  3501 | D:5      | Entered Level 5 of the Dungeon
  3778 | D:5      | Found Uskioles's Magic Scroll Boutique.
  3781 | D:5      | Bought a scroll of enchant armour for 97 gold pieces
  3781 | D:5      | Bought a scroll of enchant weapon for 97 gold pieces
  3814 | D:5      | Reached skill level 6 in Earth Magic
  3879 | D:5      | Reached XP level 7. HP: 37/37 MP: 14/14
  3918 | D:5      | Noticed Ijyb
  3922 | D:5      | Killed Ijyb
  3955 | D:5      | Found a glowing silver altar of Zin.
  4001 | D:5      | Found a hide-covered altar of Uskayaw.
  4055 | D:5      | Reached skill level 5 in Spellcasting
  4091 | D:5      | Found Tuttail's Magic Scroll Emporium.
  4120 | D:5      | Bought a scroll of identify for 24 gold pieces
  4120 | D:5      | Bought a scroll of identify for 24 gold pieces
  4433 | D:5      | Learned a level 4 spell: Flame Wave
  4574 | D:6      | Reached skill level 7 in Earth Magic
  4574 | D:6      | Reached XP level 8. HP: 33/42 MP: 13/17
  4671 | D:6      | Killed from afar by a steam dragon

Illustrated notes

Levels and vault maps discovered:
D:1:      dpeg_arrival_arbitrary_a, layout_basic, basic_ecumenical_altar
D:2:      layout_rooms
D:3:      layout_basic, mainiacjoe_overflow_24_doors, nicolae_hexahallways,
          uniq_jessica
D:4:      layout_gridville
D:5:      layout_loops_ring, kennysheep_mini, eat_drink_and_be_merry_uskayaw,
          serial_shops, kennysheep_mini_moat, shop, uniq_ijyb
D:6:      layout_basic, lemuel_temple_firewalk_b, nicolae_shop_vocational,
          uniq_edmund

Skill      XL: |  1  2  3  4  5  6  7 |
---------------+----------------------+-----
Earth Magic    | 4 5 6 7 |  7.1
Spellcasting   | 3 4 6 |  6.5
Fire Magic     | 1 2 |  2.5
Dodging        | 2 |  2.1
Fighting       | |  0.8
Maces & Flails | |  0.4
Stealth        | |  2.1
Transmutations | |  0.7

Action                   |  1- 3 |  4- 6 |  7- 9 || total
-------------------------+-------+-------+-------++-------
Melee: Whip              |     4 |    33 |       ||    37
       Flail             |       |       |     2 ||     2
 Cast: Sandblast         |    39 |    67 |    22 ||   128
       Scorch            |       |    25 |     7 ||    32
  Use: Scroll            |       |       |    15 ||    15
Armor: Robe              |     3 |    12 |     4 ||    19
Dodge: Dodged            |     4 |    39 |     9 ||    52

Table legend: (Time is in decaauts)
 A = Elapsed time spent in this place.
 B = Non-inter-level travel time spent in this place.
 C = Inter-level travel time spent in this place.
 D = Time resting spent in this place.
 E = Time spent auto-exploring this place.
 F = Levels seen in this place.
 G = Mean time per level.
                   A        B        C        D        E       F      G
               +--------+--------+--------+--------+--------+-----+--------+
         Total |   4735 |   4671 |     64 |    146 |   3839 |   6 |  789.2 |
       Dungeon |   4735 |   4671 |     64 |    146 |   3839 |   6 |  789.2 |
               +--------+--------+--------+--------+--------+-----+--------+

Top non-repeatable levels by time:
     D:3: 1047 daAuts
     D:5: 947 daAuts
     D:1: 920 daAuts
     D:4: 877 daAuts
     D:2: 701 daAuts
     D:6: 241 daAuts
